 Dungeon Crawl Stone Soup version 0.19-a0-1051-gdb7e7f8 (webtiles) character file.

285 Jmtri7 the Skirmisher (level 6, -4/45 HPs)
             Began as an Octopode Monk on Aug 2, 2016.
             Slain by an ogre
             ... wielding a +0 giant club
              (32 damage)
             ... on level 4 of the Dungeon.
             The game lasted 00:10:13 (3012 turns).

Jmtri7 the Skirmisher (Octopode Monk)               Turns: 3012, Time: 00:10:14

Health: -4/45      AC:  1    Str: 12    XL:     6   Next: 29%
Magic:  6/6        EV:  9    Int: 12    God:
Gold:   173        SH: 10    Dex: 15    Spells: 0 memorised, 5 levels left

rFire  . . .     SeeInvis +       - Unarmed
rCold  . . .     Gourm    .     b - +0 large shield
rNeg   . . .     Faith    .     (helmet restricted)
rPois  .         Spirit   .     (no amulet)
rElec  .         Dismiss  .     n - ring of see invisible
rCorr  .         Reflect  .     (no ring)
SustAt .         Harm     .     (no ring)
MR     .....                    (no ring)
Stlth  ++++......               (no ring)
                                (no ring)
                                (no ring)
                                (no ring)

@: not resistant to hostile enchantments, stealthy
A: almost no armour, amphibious, 8 rings, constrict 8, camouflage 1, gelatinous
body 1
a: no special abilities


You were on level 4 of the Dungeon.
You were not hungry.

You visited 1 branch of the dungeon, and saw 4 of its levels.

You collected 173 gold pieces.

Inventory:

Armour
 b - a +0 large shield (worn)
Jewellery
 n - a ring of see invisible (left tentacle)
 r - an uncursed amulet of guardian spirit
Scrolls
 c - 3 scrolls of random uselessness {unknown}
 d - 3 scrolls of identify {unknown}
 e - 2 scrolls of fear {unknown}
 f - a scroll of immolation {unknown}
 j - a scroll of teleportation {unknown}
 l - a scroll of enchant weapon {unknown}
 p - 2 scrolls of amnesia {unknown}
 q - a scroll of noise {unknown}
 t - 3 scrolls of remove curse {unknown}
Potions
 k - a potion of flight
 m - 3 potions of curing
 s - a potion of degeneration {unknown}
Books
 o - an Akashic Record

   Spells                             Type                      Level
   a - Dispersal                      Translocation                6
   b - Malign Gateway                 Summoning/Translocation      7
   c - Disjunction                    Translocation                8
   d - Controlled Blink               Translocation                8
Comestibles
 a - 2 bread rations
 h - 2 slices of pizza
 i - 5 fruits


   Skills:
 + Level 5.3 Fighting
 - Level 3.0 Dodging
 - Level 2.6 Stealth
 + Level 5.1 Unarmed Combat


You had 5 spell levels left.
You didn't know any spells.

Dungeon Overview and Level Annotations

Branches:
Dungeon (4/15)
 Temple: D:4-7

Altars:
Cheibriados
Nemelex Xobeh
Trog
Uskayaw


Innate Abilities, Weirdness & Mutations

You cannot wear most types of armour.
You are amphibious.
You can wear up to eight rings at the same time.
You can use your tentacles to constrict eight enemies at once.
Your skin changes colour to match your surroundings (Stealth+).
Your rubbery body absorbs attacks. (AC +1, EV +1)


Message History

You start resting.
The ogre shouts!
HP restored.
You tentacle-slap the ogre.
The ogre is lightly wounded.
The ogre hits you but does no damage.
Your shield prevents you from hitting the ogre.
The ogre is lightly wounded.
You block the ogre's attack.
You bludgeon the ogre! Your squeeze misses the ogre.
The ogre is heavily wounded.
The ogre hits you with a giant club!
You closely miss the ogre.
The ogre is heavily wounded.
The ogre hits you with a giant club.
You tentacle-slap the ogre. You squeeze the ogre.
The ogre is almost dead.
The ogre hits you with a giant club!!
Ouch! That really hurt!
You die...

... #......≈≈≈≈≈≈≈≈≈#≈##..
.... #...+#≈≈≈≈≈≈≈≈≈#≈≈≈#..
.....#...#.≈≈≈≈≈≈≈≈≈≈≈≈≈...
.........#≈≈≈#≈≈≈≈≈≈≈≈≈≈≈##
...?.....##≈≈≈≈≈≈≈≈≈≈≈≈≈≈≈#
.##......#≈≈≈.≈≈..♣≈≈..≈###
......#...≈≈.....<.....≈≈..
......#.##≈≈...≈...#≈#(≈≈≈.
..... #.#≈@O≈≈#≈≈≈≈≈≈.≈≈≈≈#
..O## #.##≈≈≈##≈≈≈≈≈≈≈≈≈≈##
%.. #.##.≈≈≈≈≈≈≈≈≈≈≈≈≈.# ..
..#.#≈≈≈≈≈≈≈≈≈≈≈≈≈#..
####.##≈≈≈≈≈≈≈≈≈≈≈##..
#.....##.≈≈)≈≈≈≈.## ..
#.......##≈≈.≈≈##.# ..
.............### ...
.#.....#.....# ##..


You could see an ogre.

Vanquished Creatures
  An orc wizard (D:3)
  Jessica (D:3)
  Ijyb (D:3)
  Terence (D:2)
  A worker ant (D:3)
  6 adders
  2 worms (D:3)
  8 dart slugs
  2 giant geckos
  5 orcs
  4 giant cockroaches
  9 goblins
  7 hobgoblins
  4 jackals (D:1)
  8 kobolds
  5 bats
  5 giant newts
  8 rats
78 creatures vanquished.

Notes
Turn   | Place    | Note
-------+----------+-------------------------------------------
     0 | D:1      | Jmtri7 the Octopode Monk began the quest for the Orb.
     0 | D:1      | Reached XP level 1. HP: 16/16 MP: 1/1
    44 | D:1      | Reached XP level 2. HP: 10/21 MP: 2/2
   634 | D:1      | Reached XP level 3. HP: 26/26 MP: 3/3
  1074 | D:2      | Reached XP level 4. HP: 33/33 MP: 4/4
  1093 | D:2      | Noticed Terence
  1104 | D:2      | Killed Terence
  1734 | D:2      | Reached XP level 5. HP: 6/38 MP: 5/5
  2155 | D:3      | Noticed Jessica
  2162 | D:3      | Killed Jessica
  2162 | D:3      | Reached skill level 5 in Fighting
  2228 | D:3      | Found a sparkling altar of Nemelex Xobeh.
  2268 | D:3      | Found a hide-covered altar of Uskayaw.
  2276 | D:3      | Found a bloodstained altar of Trog.
  2296 | D:3      | Found a snail-covered altar of Cheibriados.
  2309 | D:3      | Reached XP level 6. HP: 35/45 MP: 6/6
  2394 | D:3      | Reached skill level 5 in Unarmed Combat
  2445 | D:3      | Noticed Ijyb
  2454 | D:3      | Killed Ijyb
  3012 | D:4      | Slain by an ogre

Vault maps used:
D:1:      elethiomel_arrival_quiet, minmay_pentomino_q4
D:2:      first_bread, uniq_terence
D:3:      nicolae_overflow_hidden_temple, nemelex_lonely_heart_becter,
          uniq_jessica, uniq_iyjb
D:4:      kennysheep_slugbush, serial_curves, eino_curves_02, eino_curves_02

Skill      XL: |  1  2  3  4  5  6 |
---------------+-------------------+-----
Fighting       | 4 5 |  5.3
Unarmed Combat | 4 5 |  5.1
Dodging        | |  3.0
Stealth        | |  2.6

Action                   |  1- 3 |  4- 6 || total
-------------------------+-------+-------++-------
Melee: Unarmed           |    68 |   106 ||   174
       Constrict         |    21 |    27 ||    48
       Tentacles         |    12 |    19 ||    31
       Punch             |     1 |     4 ||     5
  Use: Potion            |       |     3 ||     3
 Stab: Sleeping          |     9 |     6 ||    15
  Eat: Chunk             |       |     7 ||     7
Armor: Skin              |     7 |     6 ||    13
Dodge: Dodged            |    21 |    30 ||    51
Block: Large shield      |    36 |    39 ||    75
